 Dungeon Crawl Stone Soup version 0.30-a0-777-ga9a30cbeda (webtiles) character file.

Game seed: 629547761602233896

39 Esekla the Sneak (level 3, 0/20 HPs)
             Began as a Vine Stalker Delver on Feb 14, 2023.
             Slain by an orc
             ... wielding a +0 hand axe
              (1 damage)
             ... on level 5 of the Dungeon.
             The game lasted 00:02:34 (210 turns).

Esekla the Sneak (Vine Stalker Delver)               Turns: 210, Time: 00:02:34

Health: 0/20       AC:  4    Str: 14    XL:     3   Next: 47%
Magic:  0/4        EV: 11    Int: 12    God:
Gold:   55         SH:  0    Dex: 15    Spells: 3/3 levels left

rFire   . . .      SeeInvis .    a - +0 falchion
rCold   . . .      Faith    .    (no shield)
rNeg    . . .      Spirit   +    b - +0 leather armour
rPois   .          Reflect  .    h - +0 helmet
rElec   .          Harm     .    (no cloak)
rCorr   .          Rampage  .    (no gloves)
Will    .....                    (no boots)
Stlth   +++                      (no amulet)
HPRegen 0.23/turn                (no ring)
MPRegen 0.09/turn                (no ring)

@: no status effects
A: fangs 2, magic shield, antimagic bite, no potion heal 2
a: no special abilities


You were on level 5 of the Dungeon.
You visited 1 branch of the dungeon, and saw 1 of its levels.

You collected 55 gold pieces.

Inventory:

Hand Weapons
 a - a +0 falchion (weapon)
 j - a +0 dagger
Armour
 b - a +0 leather armour (worn)
 h - a +0 helmet (worn)
Jewellery
 f - a ring of ice
Wands
 g - a wand of digging (3)
Scrolls
 c - a scroll of fog
 d - a scroll of immolation {unknown}
 e - a scroll of identify {unknown}
 i - a scroll of vulnerability {unknown}
Potions
 k - a potion of heal wounds {unknown}


   Skills:
 * Level 3.0 Fighting
 * Level 2.0 Long Blades
 + Level 0.2 Armour
 + Level 1.6 Dodging
 + Level 6.8 Stealth
 * Level 0.5 Spellcasting


You had 3 spell levels left.
You didn't know any spells.
Your spell library was empty.

Dungeon Overview and Level Annotations

Branches:
Dungeon (5/15)             Temple (0/1) D:5

Altars:


Innate Abilities, Weirdness & Mutations

You have extremely sharp teeth.
When hurt, damage is shared between your health and your magic reserves.
Your bite disrupts and absorbs the magic of your enemies.
Potions cannot restore your health.


Message History

Found 13 gold pieces.
The orc priest shouts!
An orc comes into view. It is wielding a +0 hand axe.
The orc shouts!
You hear a shout!
An orc comes into view. It is wielding a +0 club.
The orc priest completely misses you.
You slash the orc priest! You bite the orc priest. You drain its power.
The orc priest is heavily wounded.
The orc priest mumbles some strange prayers to Beogh against you.
You barely resist. You hit the orc priest.
The orc priest is severely wounded.
The orc hits you with a +0 hand axe. The orc priest hits you with a +0 club.
You closely miss the orc priest.
The orc priest is severely wounded.
The orc barely misses you. The orc priest closely misses you.
You barely miss the orc priest. You bite the orc priest. You drain its power.
You feel invigorated.
The orc priest is almost dead.
The orc hits you with a +0 hand axe.
The orc priest looks satisfied for a moment.
The orc priest barely misses you.
You closely miss the orc priest. Your bite misses the orc priest.
The orc priest is almost dead.
The orc hits you with a +0 hand axe. The orc priest hits you with a +0 club.
* * * LOW HITPOINT WARNING * * *
The orc shouts!
You hit the orc priest.
You kill the orc priest!
The orc hits you with a +0 hand axe.
* * * LOW HITPOINT WARNING * * *
The orc barely misses you.
Your Fighting skill increases to level 3!
Your Long Blades skill increases to level 2!
You have reached level 3!
Your experience leads to an increase in your attributes!
Increase (S)trength, (I)ntelligence, or (D)exterity?
You feel clever. x2
The orc attacks as you move away! The orc hits you with a +0 hand axe.
You die...

...~~≈≈≈≈~.## #..##..#*
...#######.# #.###...#
.#.#...(.#.# ##.# ##..#
...###.#*#.# ##..# #..#
##...#.#,..# ##..## ####
.....#,#,.####<.########**
###*o.,,...oo...........,*
# **#**.?.##).o).......,*
# *#*,*##.#@.......,* #
*,,.o.#........,* #
**##..#........,* #
#.>#........,* #
#..#.....$..,* *
*,,#########** * ****


You could see an orc priest and 2 orcs.

Vanquished Creatures
  An orc priest (D:5)
  An adder (D:5)
  An orc (D:5)
3 creatures vanquished.

Notes
Turn   | Place    | Note
-------+----------+-------------------------------------------
     0 | D:5      | Esekla the Vine Stalker Delver began the quest for the Orb.
     0 | D:5      | Reached XP level 1. HP: 11/11 MP: 2/2
    73 | D:5      | Noticed an ogre
    91 | D:5      | Noticed an orc priest
    99 | D:5      | Noticed a black bear
   146 | D:5      | Reached XP level 2. HP: 5/16 MP: 0/3
   168 | D:5      | Found a staircase to the Ecumenical Temple.
   210 | D:5      | Reached XP level 3. HP: 1/20 MP: 0/4
   210 | D:5      | Slain by an orc

Illustrated notes

Levels and vault maps discovered:
D:5:      layout_rooms, lightli_temple_of_fire,
          minmay_temple_entry_proselytizer, grunt_decor_cap, st_stairs_14,
          minmay_door_square

Skill      XL: |  1  2 |
---------------+-------+-----
Fighting       | 3 |  3.0
Long Blades    | 2 |  2.0
Armour         | |  0.2
Dodging        | |  1.6
Stealth        | |  6.8
Spellcasting   | |  0.5

Action                     || total
---------------------------++-------
  Melee: Falchion          ||    18
         Bite              ||     5
         Punch             ||     1
    Use: Scroll            ||     2
         Potion            ||     1
 Armour: Leather armour    ||     4
  Dodge: Dodged            ||     8

Table legend: (Time is in decaauts)
 A = Elapsed time spent in this place.
 B = Non-inter-level travel time spent in this place.
 C = Inter-level travel time spent in this place.
 D = Time resting spent in this place.
 E = Time spent auto-exploring this place.
 F = Levels seen in this place.
 G = Mean time per level.
                   A        B        C        D        E       F      G
               +--------+--------+--------+--------+--------+-----+--------+
         Total |    195 |    195 |      0 |     26 |      0 |   1 |  195.0 |
       Dungeon |    195 |    195 |      0 |     26 |      0 |   1 |  195.0 |
               +--------+--------+--------+--------+--------+-----+--------+

Top non-repeatable levels by time:
     D:5: 195 daAuts
